 Dungeon Crawl Stone Soup version 0.24-a0-57-gac335f2 (webtiles) character file.

Game seed: 2050367948636464032

3950 Fukkit the Tainter (level 10, -3/56 HPs)
             Began as an Octopode Venom Mage on Feb 4, 2019.
             Was a Priest of Sif Muna.
             Slain by a warg (4 damage)
             ... on level 8 of the Dungeon.
             The game lasted 00:40:21 (10525 turns).

Fukkit the Tainter (Octopode Venom Mage)           Turns: 10525, Time: 00:40:21

Health: -3/56      AC:  5    Str:  9      XL:     10   Next: 21%
Magic:  7/29       EV: 15    Int: 16 (17) God:    Sif Muna [***...]
Gold:   382        SH:  0    Dex: 14      Spells: 8/23 levels left

rFire    . . .     SeeInvis .   a - +2 scythe (venom)
rCold    + . .     Gourm    .   (shield currently unavailable)
rNeg     . . .     Faith    .   c - +2 hat
rPois    +         Spirit   .   (no amulet)
rElec    .         Reflect  .   h - ring of magical power
rCorr    +         Harm     .   o - ring of protection from cold
MR       .....                  k - ring of poison resistance
Stlth    ++++......             r - -3 ring of dexterity (curse)
HPRegen  0.00/turn              D - ring of resist corrosion
MPRegen  0.21/turn              (no ring)
                                (no ring)
                                (no ring)

@: divine energy
A: almost no armour, stealthy swim, amphibious, 8 rings, constrict 8, yellow
scales 1, camouflage 1, agile 1, deterioration 1, frail 1, inhibited
regeneration, gelatinous body 1
a: Stop Divine Energy, Channel Magic, Renounce Religion


You were on level 8 of the Dungeon.
You worshipped Sif Muna.
Sif Muna was most pleased with you.
You were not hungry.

You visited 2 branches of the dungeon, and saw 9 of its levels.
You also visited: Sewer.

You collected 446 gold pieces.
You spent 64 gold pieces at shops.

Inventory:

Hand Weapons
 a - a +2 scythe of venom (weapon)
 b - the +1 flail of Instinct {drain, rElec Str-3 Stlth+}
   (You found it on level 6 of the Dungeon)

   A truly terrible weapon, it drains the life of those it strikes.
   It affects your strength (-3).
   It insulates you from electricity.
   It makes you more stealthy.
 g - a +0 dagger
 v - a +0 hand axe
 y - a +3 hand crossbow
Missiles
 p - 3 tomahawks (quivered)
 w - 5 javelins
 z - 4 throwing nets
Armour
 c - a +2 hat (worn)
Jewellery
 h - a ring of magical power (left tentacle)
 k - a ring of poison resistance (on tentacle)
 o - a ring of protection from cold (right tentacle)
 r - a cursed -3 ring of dexterity (on tentacle)
 D - a ring of resist corrosion (on tentacle)
Wands
 m - a wand of enslavement (17)
Scrolls
 j - a scroll of blinking
 l - 4 scrolls of teleportation
 q - a scroll of amnesia
 t - a scroll of enchant armour
 x - 2 scrolls of remove curse
 A - 2 scrolls of fear
 B - a scroll of magic mapping
Potions
 d - 5 potions of curing
 e - 2 potions of heal wounds
 f - a potion of haste
 i - 3 potions of flight
 n - a potion of resistance
 s - a potion of agility
 C - a potion of lignification
Comestibles
 u - 10 rations
 E - 5 chunks of flesh


   Skills:
 + Level 3.7 Fighting
 - Level 1.0 Short Blades
 - Level 1.1 Maces & Flails
 + Level 4.6 Dodging
 - Level 5.0 Stealth
 + Level 0.6 Unarmed Combat
 + Level 7.1 Spellcasting
 * Level 4.2 Conjurations
 * Level 4.2 Hexes
 - Level 4.5 Air Magic
 - Level 8.7 Poison Magic


You had 8 spell levels left.
You knew the following spells:

 Your Spells              Type           Power        Failure   Level  Hunger
a - Dazzling Spray        Conj/Hex       ###...       6%          3    ##.....
b - Poisonous Vapours     Pois/Air       ####..       1%          2    None
c - Mephitic Cloud        Conj/Pois/Air  ###.....     3%          3    ##.....
d - Olgreb's Toxic Radia  Pois           ####....     3%          4    ####...
e - Confuse               Hex            ###.....     6%          3    ##.....

Your spell library contained the following spells:

 Spells                   Type           Power        Failure   Level  Hunger
 Sting                    Conj/Pois      ####         1%          1    None
 Corona                   Hex            ###....      2%          1    None
 Tukima's Dance           Hex            ###.....     6%          3    ##.....
 Ensorcelled Hibernation  Hex/Ice        ##....       8%          2    None
 Venom Bolt               Conj/Pois      ####......   24%         5    #####..


Dungeon Overview and Level Annotations

Branches:
Dungeon (8/15)             Temple (1/1) D:5            Lair (0/6) D:8

Altars:
Ashenzari
Cheibriados
Dithmenos
Elyvilon
Fedhas
Gozag
Hepliaklqana
Kikubaaqudgha
Makhleb
Nemelex Xobeh
Okawaru
Qazlal
Ru
Sif Muna
Trog
Uskayaw
Wu Jian
Xom
Yredelemnul
The Shining One

Shops:
D:8 *

Annotations:
D:2 1 runed translucent door, Crazy Yiuf


Innate Abilities, Weirdness & Mutations

You cannot wear most types of armour.
You are very stealthy in the water. (Stealth+)
You are amphibious.
You can wear up to eight rings at the same time.
You can use your tentacles to constrict eight enemies at once.
Your skin changes colour to match your surroundings (Stealth+).
Your rubbery body absorbs attacks. (AC +1, EV +1)
You are partially covered in yellow scales. (AC +2)
You are agile. (Dex +2)
Your body sometimes deteriorates upon taking damage.
You are frail. (-10% HP)
You do not regenerate when monsters are visible.


Message History

The warg is moderately wounded.
The warg closely misses you.
You hit the warg but do no damage.
The warg is moderately wounded.
The warg bites you but does no damage. The warg misses you. The warg bites you.
You barely miss the warg. Your squeeze misses the warg.
The warg is moderately wounded.
The warg bites you but does no damage. The warg barely misses you.
You closely miss the warg. Your squeeze misses the warg.
The warg is moderately wounded.
The warg bites you!
Your body deteriorates!
You feel dopey. The warg completely misses you. The warg bites you!
* * * LOW HITPOINT WARNING * * *
You slash the warg!
The warg is heavily wounded.
The warg bites you but does no damage. The warg bites you!
* * * LOW HITPOINT WARNING * * *
The warg bites you.
You die...

.....# #..#####.#...#.####
#..# # ...P..##..##
#.#...#.# ####..###
.........#.# #.#...#.#
#.....>.# >.........#
#.#...#.# #.##..#..
...P.)....# #.......#
#.##..... ......#)#.#
####.#### #.###....
.....##.).###
##.######.###...) ...##
###...#####.#.............#
.#
#........h@###..##..####.##
#.#...#.#.#...#.....####.##
#.##.##.##..#..........#.##
# #.##.###[..####(.##.#...
# #.##.# ##.#####..##.#.##
#.##.##.# #..............#
#.......# #.######.......8
####.#######.### #..#.##..
####)### #.....# #..#.##..


You could see a warg.

Vanquished Creatures
  Harold (D:7)
  Prince Ribbit (D:7)
  Sigmund (D:3)
  A warg (D:8)
  A water moccasin (D:7)
  3 orc warriors
  An ice beast (D:7)
  A sky beast (D:8)
  2 phantoms
  A black bear (D:7)
  3 ogres
  5 centaurs
  A big kobold (Sewer)
  2 bullfrogs
  A wyvern skeleton (D:8)
  5 crimson imps
  5 orc priests
  A hound (D:8)
  A jelly (D:6)
  2 centaur zombies
  4 orc wizards
  An iguana (D:6)
  3 worker ants
  A hound zombie (D:6)
  2 hound skeletons
  11 gnolls
  3 river rats
  7 adders
  2 howler monkey skeletons
  3 shadow imps
  2 dart slugs
  4 leopard geckos
  27 orcs
  7 giant cockroaches
  8 hobgoblins
  14 jackals
  8 kobolds
  2 ball pythons
  10 bats
  4 frilled lizards
  11 goblins
  A quokka skeleton (D:6)
  5 rats
179 creatures vanquished.

Notes
Turn   | Place    | Note
-------+----------+-------------------------------------------
     0 | D:1      | Fukkit the Octopode Venom Mage began the quest for the Orb.
     0 | D:1      | Reached XP level 1. HP: 11/11 MP: 3/3
   280 | D:1      | Reached XP level 2. HP: 17/17 MP: 3/5
   284 | D:1      | Learned a level 2 spell: Poisonous Vapours
   496 | D:1      | Reached skill level 4 in Poison Magic
  1037 | D:1      | Reached XP level 3. HP: 21/21 MP: 6/6
  1407 | D:2      | Reached skill level 1 in Air Magic
  1570 | D:2      | Reached XP level 4. HP: 17/27 MP: 7/7
  1770 | D:2      | Found a runed translucent door.
  1771 | D:2      | Noticed Crazy Yiuf
  1948 | D:2      | Found a shadowy altar of Dithmenos.
  2476 | D:2      | Learned a level 3 spell: Mephitic Cloud
  3147 | D:3      | Reached XP level 5. HP: 31/31 MP: 9/9
  3155 | D:3      | Noticed Sigmund
  3175 | D:3      | Killed Sigmund
  3175 | D:3      | Reached skill level 1 in Short Blades
  3175 | D:3      | Reached skill level 5 in Stealth
  3175 | D:3      | Reached XP level 6. HP: 37/37 MP: 5/10
  3430 | D:3      | Reached skill level 1 in Fighting
  3817 | D:4      | Reached skill level 5 in Poison Magic
  4163 | D:4      | Found an opulent altar of Gozag.
  4279 | D:4      | Learned a level 4 spell: Olgreb's Toxic Radiance
  4331 | D:5      | Entered Level 5 of the Dungeon
  4333 | D:5      | Noticed an ice beast
  4443 | D:5      | Found a staircase to the Ecumenical Temple.
  4448 | Temple   | Entered the Ecumenical Temple
  4484 | Temple   | Became a worshipper of Sif Muna the Loreminder
  4585 | D:5      | Gained mutation: You are partially covered in yellow
                  | scales. (AC +2) [potion of mutation]
  4585 | D:5      | Gained mutation: Your spells are a little harder to cast,
                  | but a little more powerful. [potion of mutation]
  4586 | D:5      | Lost mutation: Your spells are a little harder to cast, but
                  | a little more powerful. [potion of mutation]
  4586 | D:5      | Gained mutation: Your body sometimes deteriorates upon
                  | taking damage. [potion of mutation]
  4586 | D:5      | Gained mutation: You are frail. (-10% HP) [potion of
                  | mutation]
  4586 | D:5      | Gained mutation: You do not regenerate when monsters are
                  | visible. [potion of mutation]
  4586 | D:5      | Gained mutation: You are agile. (Dex +2) [potion of
                  | mutation]
  4608 | D:5      | Found a glowing drain.
  4651 | Sewer    | Entered a sewer
  4929 | Sewer    | Reached XP level 7. HP: 19/38 MP: 12/12
  5140 | Sewer    | Found a white marble altar of Elyvilon.
  5814 | D:6      | Reached skill level 6 in Poison Magic
  6220 | D:6      | Reached XP level 8. HP: 16/45 MP: 14/14
  6414 | D:6      | Found a sparkling altar of Nemelex Xobeh.
  6448 | D:6      | Reached skill level 7 in Poison Magic
  6452 | D:6      | Reached * piety under Sif Muna
  6822 | D:6      | Got a dazzling flail
  6823 | D:6      | Identified the +1 flail of Instinct {drain, rElec Str-3
                  | Stlth+} (You found it on level 6 of the Dungeon)
  7257 | D:7      | Reached skill level 1 in Maces & Flails
  7408 | D:7      | Reached skill level 8 in Poison Magic
  7552 | D:7      | Learned a level 3 spell: Dazzling Spray
  7669 | D:7      | Reached ** piety under Sif Muna
  7669 | D:7      | Reached XP level 9. HP: 39/49 MP: 16/16
  7746 | D:7      | Noticed Prince Ribbit
  7751 | D:7      | Killed Prince Ribbit
  7751 | D:7      | Reached skill level 5 in Spellcasting
  7751 | D:7      | Reached skill level 1 in Hexes
  7799 | D:7      | Noticed Harold
  7824 | D:7      | Killed Harold
  8515 | D:7      | Found a blossoming altar of Fedhas.
  8975 | D:8      | Reached *** piety under Sif Muna
  9234 | D:8      | Found Iceu's Assorted Antiques.
  9255 | D:8      | Bought a fuming amethyst potion for 30 gold pieces
  9255 | D:8      | Bought a scroll labeled CEECALYGAF for 34 gold pieces
  9458 | D:8      | Reached XP level 10. HP: 36/56 MP: 19/19
 10464 | D:7      | Learned a level 3 spell: Confuse
 10501 | D:8      | Found a staircase to the Lair.
 10525 | D:8      | HP: 1/56 [warg (11)]
 10525 | D:8      | Slain by a warg

Vault maps used:
D:1:      ncdulo_lavacross
D:2:      grunt_dithmenos_smoke_and_mirrors, uniq_crazy_yiuf_cottage
D:3:      uniq_sigmund
D:4:      kennysheep_the_goblin_king, roderic_st_hans_cross, grunt_gozag_statues
D:5:      minmay_temple_entry_ruins, cheibrodos_sewer_entry_sluice, first_ration
D:6:      serial_bayou_pond_c, nemelex_xobeh_ov_fountains_minmay
D:7:      fedhas_altar_2, uniq_harold, uniq_prince_ribbit1
D:8:      erik_lair_orcish_takeover, serial_shops, nicolae_shop_statue_plus
Temple:   compressed_dpeg_triangle_lava_temple
Sewer:    sewer_kobolds

Skill      XL: |  1  2  3  4  5  6  7  8  9 10 |
---------------+-------------------------------+-----
Poison Magic   | 4 5 6 8 |  8.7
Stealth        | 3 5 |  5.0
Air Magic      | 1 2 3 4 |  4.5
Short Blades   | 1 |  1.0
Fighting       | 1 2 3 |  3.7
Dodging        | 3 4 |  4.6
Spellcasting   | 3 4 6 7 |  7.1
Maces & Flails | 1 |  1.1
Hexes          | 3 4 |  4.2
Conjurations   | 3 4 |  4.2
Unarmed Combat | |  0.6

Action                   |  1- 3 |  4- 6 |  7- 9 | 10-12 || total
-------------------------+-------+-------+-------+-------++-------
Melee: Unarmed           |    29 |       |       |       ||    29
       Constrict         |    22 |    33 |    20 |     3 ||    78
       Tentacles         |    14 |    16 |    21 |     4 ||    55
       Dagger            |    33 |    71 |       |       ||   104
       Punch             |       |     2 |       |       ||     2
       Scythe            |       |    48 |    86 |    48 ||   182
       Flail             |       |       |    30 |       ||    30
 Cast: Sting             |     5 |       |       |       ||     5
       Poisonous Vapours |     8 |    20 |    76 |    11 ||   115
       Olgreb's Toxic Ra |       |       |     9 |     3 ||    12
       Dazzling Spray    |       |       |    22 |    14 ||    36
Invok: Divine Energy     |       |       |     1 |       ||     1
Evoke: Wand              |       |       |       |     1 ||     1
  Use: Potion            |       |     3 |     1 |       ||     4
       Scroll            |       |     9 |    11 |     3 ||    23
 Stab: Sleeping          |     5 |    13 |     5 |     2 ||    25
  Eat: Chunk             |     3 |     8 |     8 |       ||    19
       Ration            |       |     1 |     3 |     2 ||     6
Armor: Skin              |    10 |    13 |    25 |    15 ||    63
Dodge: Dodged            |    44 |    85 |   105 |    49 ||   283

Table legend:
 A = Non-vault XP
 B = Vault XP
 C = Vault XP percentage of total XP
 D = Non-vault monster count
 E = Vault monster count
 F = Vault count percentage of total count
                 A         B        C        D         E       F
            +---------+---------+-------+---------+---------+-------
      Total |    3720 |    1924 |  34.1 |     150 |      29 |  16.2
            +---------+---------+-------+---------+---------+-------
        D:1 |      35 |       0 |   0.0 |      20 |       0 |   0.0
        D:2 |      80 |       0 |   0.0 |      18 |       0 |   0.0
        D:3 |      53 |     212 |  80.0 |      22 |       1 |   4.3
        D:4 |      48 |      13 |  21.3 |       8 |       7 |  46.7
        D:5 |     180 |      18 |   9.1 |       9 |       3 |  25.0
        D:6 |     889 |       0 |   0.0 |      27 |       0 |   0.0
        D:7 |    1350 |    1269 |  48.5 |      25 |       2 |   7.4
        D:8 |    1085 |     282 |  20.6 |      21 |       5 |  19.2
      Sewer |       0 |     130 | 100.0 |       0 |      11 | 100.0
            +---------+---------+-------+---------+---------+-------
